 Dungeon Crawl Stone Soup version 0.16.1-51-g6203257 (webtiles) character file.

84 teebee the Skirmisher (level 4, -4/42 HPs)
             Began as a Hill Orc Fighter on Aug 11, 2015.
             Killed from afar by an orc wizard (8 damage)
             ... with a magic dart
             ... on level 3 of the Dungeon.
             The game lasted 00:06:45 (1596 turns).

teebee the Skirmisher (Hill Orc Fighter)            Turns: 1596, Time: 00:06:45

Health: -4/42      AC:  6    Str: 24    XL:     4   Next: 45%
Magic:  4/4        EV:  9    Int:  8    God:
Gold:   106        SH:  0    Dex: 10    Spells: 0 memorised, 3 levels left

rFire  . . .     SeeInvis .     a - +0 long sword
rCold  . . .     Clarity  .     b - +0 scale mail
rNeg   . . .     SustAb   .     (no shield)
rPois  .         Gourm    .     (no helmet)
rElec  .         Spirit   .     (no cloak)
rCorr  .         Warding  .     (no gloves)
rMut   .         Stasis   .     (no boots)
MR     .....                    (no amulet)
Stlth  ..........               (no ring)
                                (no ring)

@: mighty, slowed, drained, very slow, not resistant to hostile enchantments,
extremely unstealthy
A: no striking features
a: no special abilities


You were on level 3 of the Dungeon.
You were not hungry.

You visited 1 branch of the dungeon, and saw 3 of its levels.

You collected 106 gold pieces.

Inventory:

Hand weapons
 a - a +0 long sword (weapon)
 p - a +0 dagger of draining
 v - a +1 hand axe of freezing
Missiles
 h - a throwing net (quivered)
Armour
 b - a +0 scale mail (worn)
 c - a +0 shield
 u - a +2 hat
Jewellery
 k - an uncursed ring of see invisible {unknown}
 o - a cursed -2 ring of slaying {unknown}
Magical devices
 f - a wand of slowing (20)
Scrolls
 g - 4 scrolls of identify {unknown}
 l - 4 scrolls of recharging {unknown}
 m - 3 scrolls of remove curse {unknown}
 s - 2 scrolls of teleportation {unknown}
Potions
 j - 2 potions of brilliance
 r - a potion of haste
 t - a potion of degeneration {unknown}
 x - 2 potions of curing {unknown}
Comestibles
 d - 2 meat rations
 i - 8 chunks of flesh
 n - 4 fruits
 q - 2 bread rations
 w - a beef jerky


   Skills:
 * Level 5.3(5.2) Fighting
 * Level 3.4(3.3) Long Blades
 - Level 3.2 Armour
 - Level 0.1(0.0) Dodging
 - Level 3.2 Shields


You had 3 spell levels left.
You didn't know any spells.

Dungeon Overview and Level Annotations

Branches:
Dungeon (3/15)

Altars:
The Shining One

Annotations:
D:3 zamu's ghost, average MfGl


Message History

The orc wizard gestures wildly while chanting.
The orc wizard blinks!
Zamu's ghost hits you!
An orc comes into view. It is wielding a club.
You barely miss zamu's ghost. Zamu's ghost hits you.
The orc wizard hits you with a dagger.
* * * LOW HITPOINT WARNING * * *
Zamu's ghost closely misses you. The orc wizard closely misses you.
You barely miss the orc wizard.
The orc wizard is almost dead.
The orc wizard barely misses you. Zamu's ghost hits you!
* * * LOW HITPOINT WARNING * * *
The orc wizard barely misses you.
Zamu's ghost hits you but does no damage.
The orc wizard gestures wildly while chanting.
The orc wizard blinks!
Drink which item? (? for menu, Esc to quit)
You feel very mighty all of a sudden. The orc wizard casts a spell at you.
The magic dart hits you!
You die...

#.# ... . ..# #. ###
.# #. #### ...<#.
.... .#.#.#.#.##
##.# ..........# #
#.# #.#.o...).##o#
#.# #.#.##....@Wo#
##.####.#.#####.####
#.........#####.##
...####.#........#
...####.#.##.....#
...#.............#
..##.##.####.....#
..##.##.# #.....#
#.......# #######


You could see an orc wizard, zamu's ghost and 2 orcs.

Vanquished Creatures
  Robin (D:3)
  2 worms
  7 giant geckos
  An orc (D:3)
  2 giant cockroaches (D:1)
  6 hobgoblins
  4 jackals
  A ball python (D:3)
  8 bats
  A giant newt (D:2)
  13 goblins
  4 kobolds (D:1)
  A quokka (D:2)
  4 rats
55 creatures vanquished.

Notes
Turn   | Place    | Note
--------------------------------------------------------------
     0 | D:1      | teebee, the Hill Orc Fighter, began the quest for the Orb.
     0 | D:1      | Reached XP level 1. HP: 19/19 MP: 1/1
    66 | D:1      | Reached skill level 4 in Fighting
   113 | D:1      | Reached XP level 2. HP: 27/27 MP: 2/2
   581 | D:2      | Reached XP level 3. HP: 17/34 MP: 3/3
  1274 | D:3      | Noticed Robin
  1346 | D:3      | Reached skill level 5 in Fighting
  1372 | D:3      | Reached XP level 4. HP: 26/42 MP: 4/4
  1383 | D:3      | Found a glowing golden altar of the Shining One.
  1411 | D:3      | Killed Robin
  1590 | D:3      | Noticed zamu's ghost (average MfGl)
  1596 | D:3      | Killed from afar by an orc wizard

Action                   |  1- 3 |  4- 6 || total
-------------------------+-------+-------++-------
Melee: Long sword        |   136 |    43 ||   179
  Use: Potion            |       |     5 ||     5
  Eat: Chunk             |     2 |     1 ||     3
